 Dungeon Crawl Stone Soup version 0.21-a0-509-gecc5317 (webtiles) character file.

315 slep the Slasher (level 6, -1/48 HPs)
             Began as a Demonspawn Fighter on Nov 30, 2017.
             Killed from afar by a dart slug (4 damage)
             ... with a slug dart
             ... on level 3 of the Dungeon.
             The game lasted 00:08:50 (2934 turns).

slep the Slasher (Demonspawn Fighter)               Turns: 2934, Time: 00:08:50

Health: -1/48      AC:  6    Str: 17    XL:     6   Next: 19%
Magic:  6/6        EV:  9    Int:  9    God:
Gold:   190        SH:  9    Dex: 14    Spells: 5/5 levels left

rFire    . . .     SeeInvis .   a - +0 long sword
rCold    . . .     Gourm    .   c - +0 shield
rNeg     . . .     Faith    .   b - +0 scale mail
rPois    .         Spirit   .   (helmet restricted)
rElec    .         Reflect  .   (no cloak)
rCorr    +         Harm     .   (no gloves)
MR       +....                  (no boots)
Stlth    ..........             (no amulet)
HPRegen  0.16/turn              j - ring of resist corrosion
MPRegen  0.10/turn              u - ring of protection from magic

@: no status effects
A: antennae 1, sturdy frame 3
a: no special abilities


You were on level 3 of the Dungeon.
You were not hungry.

You visited 1 branch of the dungeon, and saw 3 of its levels.

You collected 190 gold pieces.

Inventory:

Hand Weapons
 a - a +0 long sword (weapon)
 q - a +1 dagger of venom
Armour
 b - a +0 scale mail (worn)
 c - a +0 shield (worn)
Jewellery
 j - a ring of resist corrosion (left hand)
 s - an uncursed ring of resist corrosion
 u - a ring of protection from magic (right hand)
Scrolls
 e - 3 scrolls of teleportation {unknown}
 g - 2 scrolls of remove curse {unknown}
 h - a scroll of blinking {unknown}
 i - 2 scrolls of enchant armour {unknown}
 l - 5 scrolls of identify {unknown}
 o - a scroll of fear {unknown}
 r - a scroll of enchant weapon {unknown}
Potions
 d - a potion of might
 m - 3 potions of mutation {unknown}
 n - a potion of berserk rage {unknown}
 p - a potion of ambrosia {unknown}
 v - a potion of curing
Comestibles
 f - a bread ration
 k - 2 royal jellies
 t - 9 chunks of flesh


   Skills:
 + Level 4.1 Fighting
 + Level 4.1 Long Blades
 + Level 3.3 Armour
 + Level 1.2 Dodging
 + Level 0.1 Stealth
 + Level 3.6 Shields


You had 5 spell levels left.
You didn't know any spells.

Dungeon Overview and Level Annotations

Branches:
Dungeon (3/15)

Altars:
Ashenzari


Innate Abilities, Weirdness & Mutations

You have a pair of small antennae on your head.
Your movements are significantly less encumbered by armour. (ER -6)


Message History

an uncursed shortbow; 27 arrows; a dagger; a robe; a centaur skeleton
Things that are here:
2 arrows; a flail You see here a dagger.
You start resting.
A dart slug comes into view.
Things that are here:
2 arrows; a flail
Items here: ( )) [ รท an uncursed shortbow; 27 arrows; a dagger; a robe; a centaur skeleton You hit the dart slug.
The dart slug is heavily wounded.
The dart slug launches a dart at you. The slug dart hits you!
* * * LOW HITPOINT WARNING * * *
You hit the dart slug but do no damage.
The dart slug is heavily wounded.
The dart slug launches a dart at you. The slug dart hits you!
You die...

####.#.##.########..#.#
........#.########..#..
####.#..#........#..#
#.#..########....###
#..................
#.####..##### #.....#
#.......# #.....####
#.##.#..#######..w......
#.#.......().@.# #
#..####)##......... #..#
#.##......... #..#
#.##....###.. #...
...#...... . ##.#
######..### ... <.. #.
..#.


You could see a dart slug.

Vanquished Creatures
  A centaur (D:3)
  An orc wizard (D:3)
  Natasha (D:2)
  6 adders
  3 gnolls
  4 oozes
  2 worms
  2 dart slugs
  2 leopard geckos
  3 orcs (D:3)
  5 bats
  6 giant cockroaches
  6 goblins
  5 hobgoblins
  9 kobolds
  4 quokkas (D:3)
  2 ball pythons
  5 frilled lizards
  12 rats
79 creatures vanquished.

Notes
Turn   | Place    | Note
-------+----------+-------------------------------------------
     0 | D:1      | slep the Demonspawn Fighter began the quest for the Orb.
     0 | D:1      | Reached XP level 1. HP: 18/18 MP: 1/1
   199 | D:1      | Gained mutation: Your movements are slightly less encumbered by armour. (ER -2) [demonic ancestry]
   199 | D:1      | Reached XP level 2. HP: 14/24 MP: 2/2
   211 | D:1      | Found a shattered altar of Ashenzari.
   615 | D:1      | Reached XP level 3. HP: 22/29 MP: 3/3
  1131 | D:2      | Gained mutation: Your movements are less encumbered by armour. (ER -4) [demonic ancestry]
  1131 | D:2      | Reached XP level 4. HP: 23/35 MP: 4/4
  1295 | D:2      | Noticed Natasha
  1298 | D:2      | Killed Natasha
  2125 | D:3      | Gained mutation: Your movements are significantly less encumbered by armour. (ER -6) [demonic ancestry]
  2125 | D:3      | Reached XP level 5. HP: 41/41 MP: 5/5
  2397 | D:3      | HP: 2/41 [worm (5)]
  2896 | D:3      | Noticed a centaur
  2908 | D:3      | HP: 1/42 [centaur (6)]
  2909 | D:3      | Killed a centaur
  2909 | D:3      | Reached skill level 1 in Dodging
  2909 | D:3      | Gained mutation: You have a pair of small antennae on your head. [demonic ancestry]
  2909 | D:3      | Reached XP level 6. HP: 2/48 MP: 6/6
  2934 | D:3      | Killed from afar by a dart slug

Vault maps used:
D:1:      moated_graveyard_arrival, ashenzari_altar_1
D:2:      minmay_door_path, uniq_natasha
D:3:      minmay_misc_feat_plants

Skill      XL: |  1  2  3  4  5 |
---------------+----------------+-----
Armour         | 3 |  3.3
Long Blades    | 2 3 4 |  4.1
Shields        | 3 |  3.6
Fighting       | 4 |  4.1
Dodging        | 1 |  1.2
Stealth        | |  0.1

Action                   |  1- 3 |  4- 6 || total
-------------------------+-------+-------++-------
Melee: Long sword        |   112 |   165 ||   277
  Use: Potion            |       |     2 ||     2
  Eat: Chunk             |     1 |     6 ||     7
Armor: Scale mail        |    38 |    53 ||    91
Dodge: Dodged            |    25 |    78 ||   103
Block: Shield            |    56 |    90 ||   146
       Rpst.: Long sword |     5 |    25 ||    30

Table legend:
 A = Spawn XP
 B = Non-spawn XP
 C = Spawn XP percentage of total XP
 D = Spawn monster count
 E = Non-spawn monster count
 F = Spawn count percentage of total count
 G = Total turns spent on level
                    A         B        C        D         E        F      G
               +---------+---------+-------+---------+---------+-------+---------
         Total |       0 |     450 |   0.0 |       0 |      79 |   0.0 |  2934
               +---------+---------+-------+---------+---------+-------+---------
           D:1 |       0 |      74 |   0.0 |       0 |      25 |   0.0 |  1041
           D:2 |       0 |     117 |   0.0 |       0 |      24 |   0.0 |  1067
           D:3 |       0 |     259 |   0.0 |       0 |      30 |   0.0 |   826
               +---------+---------+-------+---------+---------+-------+---------
